 Dungeon Crawl Stone Soup version 0.21-a0-95-g06f091e (webtiles) character file.

64 HAL9000 the Insei (level 3, -1/28 HPs)
             Began as a Draconian Transmuter on July 4, 2017.
             Slain by Duffy's ghost (6 damage)
             ... on level 3 of the Dungeon.
             The game lasted 00:03:39 (1506 turns).

HAL9000 the Insei (Draconian Transmuter)            Turns: 1506, Time: 00:03:40

Health: -1/28      AC:  5    Str: 12    XL:     3   Next: 91%
Magic:  0/6        EV: 12    Int: 13    God:
Gold:   130        SH:  0    Dex: 12    Spells: 3/6 levels left

rFire    . . .     SeeInvis .     - Unarmed
rCold    . . .     Gourm    .   (no shield)
rNeg     . . .     Faith    .   (armour unavailable)
rPois    .         Spirit   .   (helmet restricted)
rElec    .         Reflect  .   (no cloak)
rCorr    .         Harm     .   (no gloves)
MR       .....                  (no boots)
Stlth    +.........             (no amulet)
HPRegen  0.09/turn              (no ring)
MPRegen  0.10/turn              (no ring)

@: very slightly contaminated
A: unfitting armour, cold-blooded, AC +5
a: no special abilities


You were on level 3 of the Dungeon.
You were not hungry.

You visited 1 branch of the dungeon, and saw 3 of its levels.

You collected 130 gold pieces.

Inventory:

Missiles
 a - 24 arrows
Jewellery
 o - an uncursed ring of positive energy {unknown}
Scrolls
 d - 2 scrolls of amnesia {unknown}
 f - 2 scrolls of identify {unknown}
 h - a scroll of teleportation {unknown}
 i - a scroll of immolation {unknown}
 n - a scroll of fog {unknown}
 p - a scroll of magic mapping {unknown}
 q - a scroll of enchant weapon {unknown}
Potions
 e - a potion of flight {unknown}
 j - a potion of resistance {unknown}
 l - a potion of curing {unknown}
Books
 b - a book of Changes

   Spells                             Type                      Level
   a - Beastly Appendage              Transmutation                1
   b - Sticks to Snakes               Transmutation                2
   c - Spider Form                    Transmutation/Poison         3
   d - Ice Form                       Ice/Transmutation            4
   e - Blade Hands                    Transmutation                5
Comestibles
 c - a bread ration
 g - 4 fruits
 k - a royal jelly
 m - a chunk of flesh


   Skills:
 - Level 1.1 Fighting
 - Level 1.7 Dodging
 + Level 4.0 Unarmed Combat
 - Level 2.0 Spellcasting
 + Level 3.3 Transmutations


You had 3 spell levels left.
You knew the following spells:

 Your Spells              Type           Power        Failure   Level  Hunger
a - Beastly Appendage     Tmut           ##....       6%          1    ##.....
b - Sticks to Snakes      Tmut           ##......     10%         2    ###....


Dungeon Overview and Level Annotations

Branches:
Dungeon (3/15)

Altars:
Ru

Annotations:
D:3 Duffy's ghost, weakling VSGl


Innate Abilities, Weirdness & Mutations

Your plain brown scales are hard. (AC +5)
You cannot fit into any form of body armour.
You are cold-blooded and may be slowed by cold attacks.


Message History

Confirm with . or Enter, or press ? or * to list all spells.
You don't have enough magic to cast that spell.
Unknown command.
You closely miss Duffy's ghost.
You tail-slap Duffy's ghost, but do no damage.
Duffy's ghost hits you!
You are electrocuted!
Ouch! That really hurt!
* * * LOW HITPOINT WARNING * * *
Your ball python completely misses Duffy's ghost.
You hit Duffy's ghost.
Duffy's ghost is moderately damaged.
Duffy's ghost closely misses you.
Your ball python closely misses Duffy's ghost.
Your ball python bites Duffy's ghost but does no damage.
Unknown command.
You barely miss Duffy's ghost.
Duffy's ghost is moderately damaged.
Your ball python bites Duffy's ghost but does no damage.
Duffy's ghost hits you.
You die...

#..# #..## #...#
#...# ##..#
############..##
#..............#
#..........W...#
#.........S@S..#
#...^.........>#
#............#.#
#............#.#
#............#.#
#....(.......#.#
##############.#
#.# #.#


You could see Duffy's ghost and 2 friendly ball pythons.

Vanquished Creatures
  An adder (D:1)
  4 leopard geckos
  2 giant cockroaches
  5 goblins
  3 hobgoblins
  3 jackals (D:2)
  2 bats (D:1)
  3 kobolds
  3 rats (D:1)
26 creatures vanquished.

Vanquished Creatures (collateral kills)
  Jessica (D:2)
  A jackal (D:2)
  A bat (D:2)
3 creatures vanquished.

Grand Total: 29 creatures vanquished

Notes
Turn   | Place    | Note
-------+----------+-------------------------------------------
     0 | D:1      | HAL9000 the Draconian Transmuter began the quest for the Orb.
     0 | D:1      | Reached XP level 1. HP: 16/16 MP: 3/3
   224 | D:1      | Reached XP level 2. HP: 20/23 MP: 1/5
   651 | D:2      | Noticed Jessica
   689 | D:1      | Learned a level 2 spell: Sticks to Snakes
   929 | D:2      | Killed Jessica
   929 | D:2      | Reached XP level 3. HP: 25/28 MP: 1/6
  1315 | D:2      | Found a sacrificial altar of Ru.
  1347 | D:2      | Reached skill level 4 in Unarmed Combat
  1492 | D:3      | Noticed Duffy's ghost (weakling VSGl)
  1506 | D:3      | Slain by Duffy's ghost

Vault maps used:
D:1:      minmay_arrival_checkered_box
D:2:      nicolae_ru_sacrificial_ziggurat, uniq_jessica

Skill      XL: |  1  2  3 |
---------------+----------+-----
Transmutations | 3 |  3.3
Unarmed Combat | 4 |  4.0
Fighting       | |  1.1
Dodging        | |  1.7
Spellcasting   | |  2.0

Action                   || total
-------------------------++-------
Melee: Unarmed           ||   119
       Tailslap          ||    11
       Headbutt          ||     1
 Cast: Beastly Appendage ||    17
       Sticks to Snakes  ||     5
  Eat: Chunk             ||     3
Armor: Skin              ||    46
Dodge: Dodged            ||   107
